SL
NORTHERN VIRGINIA RETRIEVERS @ OAKLAND OAKS
06/25/2023
 
TOP OF THE 1ST
Northern Virginia Retrievers batting - Pitching for Oakland Oaks : RHP Kent Clement
Pitching: RHP Kent Clement
Batting: LHB Roberto Salazar 0-0: Called Strike
0-1: Ball
1-1: Foul Ball, location: 2F
1-2: Reached on error, E3 (Groundball, 3)
Batting: LHB Chad Armstrong 0-0: Called Strike
0-1: Foul Ball, location: 2F
0-2: Ball
Roberto Salazar is caught stealing 2nd base
1-2: Foul Ball, location: 2F
1-2: Ball
2-2: Ball
3-2: DOUBLE (Groundball, 3L)
Batting: RHB Teruo Nakayama 0-0: Ball
1-0: Ball
2-0: Ball
3-0: Called Strike
3-1: Foul Ball, location: 2F
3-2: Strikes out looking
Batting: LHB Francisco Ornelas 0-0: Ball
1-0: Foul Ball, location: 2F
1-1: Ball
2-1: Foul Ball, location: 2F
2-2: Ball
3-2: Strikes out swinging
Top of the 1st over - 0 run(s), 1 hit(s), 1 error(s), 1 left on base; Northern Virginia 0 - Oakland 0
BOTTOM OF THE 1ST
Oakland Oaks batting - Pitching for Northern Virginia Retrievers : RHP Aurelio López
Pitching: RHP Aurelio López
Batting: LHB Ron Frazier 0-0: Fly out, F9 (Flyball, 89XD)
Batting: LHB Edwin Church 0-0: Foul Ball, location: 2F
0-1: Ball
1-1: Ball
2-1: SINGLE (Line Drive, 4MD)
Batting: SHB John Allen 0-0: Called Strike
0-1: Foul Ball, location: 2F
0-2: Strikes out looking
Batting: LHB Todd Henry 0-0: Ball
1-0: Ball
2-0: Ball
Wild Pitch!
Edwin Church to second
3-0: Base on Balls
Batting: RHB Jim Lee 0-0: Called Strike
0-1: Foul Ball, location: 2F
0-2: Ball
1-2: Ball
2-2: Foul Ball, location: 2F
2-2: Foul Ball, location: 2F
2-2: SINGLE (Groundball, 34D)
Edwin Church to third
Todd Henry to second
Runner from 3rd tries for Home, SAFE, throw made home
Todd Henry to third
Jim Lee to second
Batting: LHB Johnny Hernández 0-0: Ball
1-0: SINGLE (Groundball, 4MD)
Todd Henry scores
Jim Lee to third
Runner from 3rd tries for Home, SAFE, no throw or cutoff
Batting: RHB Miguel Fernández 0-0: Ball
Johnny Hernández steals 2nd base
1-0: Ball
2-0: Ball
3-0: Called Strike
3-1: Fly out, F8 (Flyball, 8RXD)
Bottom of the 1st over - 3 run(s), 3 hit(s), 0 error(s), 1 left on base; Northern Virginia 0 - Oakland 3
TOP OF THE 2ND
Northern Virginia Retrievers batting - Pitching for Oakland Oaks : RHP Kent Clement
Batting: RHB Bob Heller 0-0: Foul Ball, location: 2F
0-1: Swinging Strike
0-2: Strikes out looking
Batting: LHB Bartolo Benítez 0-0: Called Strike
0-1: Ball
1-1: Ball
2-1: Foul Ball, location: 2F
2-2: Strikes out looking
Batting: LHB Munemori Ohara 0-0: Swinging Strike
0-1: Swinging Strike
0-2: Ball
1-2: Strikes out swinging
Top of the 2nd over - 0 run(s), 0 hit(s), 0 error(s), 0 left on base; Northern Virginia 0 - Oakland 3
BOTTOM OF THE 2ND
Oakland Oaks batting - Pitching for Northern Virginia Retrievers : RHP Aurelio López
Batting: RHB Rafael Najcrea 0-0: Called Strike
0-1: Hit by Pitch
Batting: RHB Dave Henderson 0-0: Ball
1-0: Grounds into double play, 5-4-3 (Groundball, 5)
Batting: LHB Ron Frazier 0-0: Foul Ball, location: 2F
0-1: Ball
1-1: DOUBLE (Line Drive, 7LM)
Batting: LHB Edwin Church 0-0: Called Strike
0-1: Swinging Strike
0-2: Strikes out swinging
Bottom of the 2nd over - 0 run(s), 1 hit(s), 0 error(s), 1 left on base; Northern Virginia 0 - Oakland 3
TOP OF THE 3RD
Northern Virginia Retrievers batting - Pitching for Oakland Oaks : RHP Kent Clement
Batting: SHB Gustavo Fuentes 0-0: Ball
1-0: Ball
2-0: Ball
3-0: Called Strike
3-1: Ground out 4-3 (Groundball, 34)
Batting: LHB Wayne Akers 0-0: Swinging Strike
0-1: Ball
1-1: Ground out 6-3 (Groundball, 6M)
Batting: LHB Roberto Salazar 0-0: Ball
1-0: Ball
2-0: Ball
3-0: Base on Balls
Batting: LHB Chad Armstrong 0-0: Ball
1-0: Ball
2-0: Ball
3-0: Base on Balls
Roberto Salazar to second
Batting: RHB Teruo Nakayama 0-0: Ball
1-0: Swinging Strike
1-1: Ball
2-1: Fly out, F8 (Flyball, 8LXD)
Top of the 3rd over - 0 run(s), 0 hit(s), 0 error(s), 2 left on base; Northern Virginia 0 - Oakland 3
BOTTOM OF THE 3RD
Oakland Oaks batting - Pitching for Northern Virginia Retrievers : RHP Aurelio López
Batting: SHB John Allen 0-0: Called Strike
0-1: Called Strike
0-2: Strikes out swinging
Batting: LHB Todd Henry 0-0: Ball
1-0: Ball
2-0: SINGLE (Groundball, 4M)
Batting: RHB Jim Lee 0-0: Ball
1-0: Grounds into double play, 1-6-3 (Groundball, 23)
Bottom of the 3rd over - 0 run(s), 1 hit(s), 0 error(s), 0 left on base; Northern Virginia 0 - Oakland 3
TOP OF THE 4TH
Northern Virginia Retrievers batting - Pitching for Oakland Oaks : RHP Kent Clement
Batting: LHB Francisco Ornelas 0-0: SINGLE (Line Drive, 9S)
Batting: RHB Bob Heller 0-0: Ball
1-0: Ball
2-0: Grounds into double play, 4-6-3 (Groundball, 4M)
Batting: LHB Bartolo Benítez 0-0: Swinging Strike
0-1: Ball
1-1: Ball
2-1: Called Strike
2-2: Ball
3-2: Foul Ball, location: 2F
3-2: SINGLE (Groundball, 34D)
Batting: LHB Munemori Ohara 0-0: Fly out, F8 (Flyball, 8LS)
Top of the 4th over - 0 run(s), 2 hit(s), 0 error(s), 1 left on base; Northern Virginia 0 - Oakland 3
BOTTOM OF THE 4TH
Oakland Oaks batting - Pitching for Northern Virginia Retrievers : RHP Aurelio López
Batting: LHB Johnny Hernández 0-0: Swinging Strike
0-1: Fly out, F8 (Flyball, 8RM)
Batting: RHB Miguel Fernández 0-0: Foul Ball, location: 2F
0-1: Ball
1-1: Fly out, F8 (Line Drive, 8LM)
Batting: RHB Rafael Najcrea 0-0: Ball
1-0: Called Strike
1-1: Ball
2-1: Ball
3-1: Foul Ball, location: 2F
3-2: SINGLE (Line Drive, 8LS)
Batting: RHB Dave Henderson 0-0: Ball
1-0: Called Strike
1-1: Ball
2-1: Swinging Strike
2-2: Strikes out swinging
Bottom of the 4th over - 0 run(s), 1 hit(s), 0 error(s), 1 left on base; Northern Virginia 0 - Oakland 3
TOP OF THE 5TH
Northern Virginia Retrievers batting - Pitching for Oakland Oaks : RHP Kent Clement
Batting: SHB Gustavo Fuentes 0-0: Ball
1-0: Fly out, F9 (Flyball, 9LM)
Batting: LHB Wayne Akers 0-0: Fly out, F4 (Popup, 34)
Batting: LHB Roberto Salazar 0-0: Ground out 4-3 (Groundball, 4)
Top of the 5th over - 0 run(s), 0 hit(s), 0 error(s), 0 left on base; Northern Virginia 0 - Oakland 3
BOTTOM OF THE 5TH
Oakland Oaks batting - Pitching for Northern Virginia Retrievers : RHP Aurelio López
Batting: LHB Ron Frazier 0-0: Ball
1-0: Ball
2-0: Foul Ball, location: 2F
2-1: Foul Ball, location: 2F
2-2: Ball
3-2: Base on Balls
Batting: LHB Edwin Church 0-0: 2-RUN HOME RUN (Flyball, 9D), Distance : 362 ft
Batting: SHB John Allen 0-0: Foul Ball, location: 2F
Reached via error on a dropped throw, E3
Batting: LHB Todd Henry 0-0: Called Strike
John Allen steals 2nd base
0-1: Ground out 1-3 (Groundball, 13)
John Allen to third
Batting: RHB Jim Lee 0-0: Ball
1-0: Ground out 5-3 (Groundball, 5S)
Batting: LHB Johnny Hernández 0-0: Called Strike
0-1: Called Strike
0-2: Ball
1-2: Ground out 4-3 (Groundball, 4)
Bottom of the 5th over - 2 run(s), 1 hit(s), 1 error(s), 1 left on base; Northern Virginia 0 - Oakland 5
TOP OF THE 6TH
Northern Virginia Retrievers batting - Pitching for Oakland Oaks : RHP Kent Clement
Batting: LHB Chad Armstrong 0-0: Ball
1-0: Called Strike
1-1: Ball
2-1: Ground out 4-3 (Groundball, 4)
Batting: RHB Teruo Nakayama 0-0: Ball
1-0: Foul Ball, location: 2F
1-1: Foul Ball, location: 2F
1-2: Foul Ball, location: 2F
1-2: Ball
2-2: Ball
3-2: Base on Balls
Batting: LHB Francisco Ornelas 0-0: Ball
1-0: Foul Ball, location: 2F
1-1: Ground out 5-3 (Groundball, 5S)
Teruo Nakayama to second
Batting: RHB Bob Heller 0-0: Foul Ball, location: 2F
0-1: Fly out, F5 (Popup, 5SF)
Top of the 6th over - 0 run(s), 0 hit(s), 0 error(s), 1 left on base; Northern Virginia 0 - Oakland 5
BOTTOM OF THE 6TH
Oakland Oaks batting - Pitching for Northern Virginia Retrievers : RHP Aurelio López
Pitching: LHP Joe Kehoe
Batting: RHB Miguel Fernández 0-0: Ball
1-0: Called Strike
1-1: Called Strike
1-2: Strikes out swinging
Batting: RHB Rafael Najcrea 0-0: Ball
1-0: Foul Ball, location: 2F
1-1: Foul Ball, location: 2F
1-2: Ground out U3 (Groundball, 3S)
Batting: RHB Dave Henderson 0-0: Ball
1-0: DOUBLE (Groundball, 5L)
Batting: LHB Ron Frazier 0-0: Ball
1-0: Called Strike
1-1: Ball
2-1: SINGLE (Line Drive, 8LS)
Dave Henderson to third
Runner from 3rd tries for Home, SAFE, no throw or cutoff
Batting: LHB Edwin Church 0-0: Ball
1-0: Called Strike
1-1: Ball
2-1: Called Strike
2-2: SINGLE (Line Drive, 89M)
Ron Frazier to second
Runner from 2nd tries for 3rd, SAFE, no throw or cutoff
Batting: SHB John Allen 0-0: Ball
1-0: 3-RUN HOME RUN (Flyball, 7D), Distance : 408 ft
Pitching: RHP Natalino Golaio
Batting: LHB Todd Henry 0-0: Ball
1-0: Foul Ball, location: 2F
1-1: Foul Ball, location: 2F
1-2: Strikes out looking
Bottom of the 6th over - 4 run(s), 4 hit(s), 0 error(s), 0 left on base; Northern Virginia 0 - Oakland 9
TOP OF THE 7TH
Northern Virginia Retrievers batting - Pitching for Oakland Oaks : RHP Kent Clement
Batting: LHB Bartolo Benítez 0-0: Ground out 6-3 (Groundball, 6M)
Batting: LHB Munemori Ohara 0-0: Ball
1-0: Ball
2-0: Called Strike
2-1: SINGLE (Flyball, 7S)
Batting: SHB Gustavo Fuentes 0-0: Called Strike
Munemori Ohara steals 2nd base
0-1: Ball
1-1: Ball
Munemori Ohara steals 3rd base
2-1: SINGLE (Groundball, 34)
Munemori Ohara scores
Batting: LHB Wayne Akers 0-0: Ball
1-0: Fly out, F7 (Flyball, 7LMF)
Batting: LHB Roberto Salazar 0-0: Ball
1-0: Ball
2-0: Swinging Strike
2-1: Ground out 4-3 (Groundball, 34)
Top of the 7th over - 1 run(s), 2 hit(s), 0 error(s), 1 left on base; Northern Virginia 1 - Oakland 9
BOTTOM OF THE 7TH
Oakland Oaks batting - Pitching for Northern Virginia Retrievers : RHP Natalino Golaio
Batting: RHB Jim Lee 0-0: Ball
1-0: Called Strike
1-1: Foul Ball, location: 2F
1-2: Ball
2-2: Foul Ball, location: 2F
2-2: Strikes out swinging
Batting: LHB Johnny Hernández 0-0: Swinging Strike
0-1: Foul Ball, location: 2F
0-2: Strikes out swinging
Batting: RHB Miguel Fernández 0-0: Called Strike
0-1: Ball
1-1: Swinging Strike
1-2: Foul Ball, location: 2F
1-2: Ball
2-2: Ball
3-2: Ground out 6-3 (Groundball, 6)
Bottom of the 7th over - 0 run(s), 0 hit(s), 0 error(s), 0 left on base; Northern Virginia 1 - Oakland 9
TOP OF THE 8TH
Northern Virginia Retrievers batting - Pitching for Oakland Oaks : RHP Kent Clement
Batting: LHB Chad Armstrong 0-0: Ball
1-0: Foul Ball, location: 2F
1-1: Ball
2-1: Swinging Strike
2-2: Foul Ball, location: 2F
2-2: Ball
3-2: Foul Ball, location: 2F
3-2: Foul Ball, location: 2F
3-2: Ground out U3 (Groundball, 3S)
Batting: RHB Teruo Nakayama 0-0: Swinging Strike
0-1: Ball
1-1: Called Strike
1-2: Strikes out swinging
Batting: LHB Francisco Ornelas 0-0: Foul Ball, location: 2F
0-1: Foul Ball, location: 2F
0-2: Foul Ball, location: 2F
0-2: Ball
1-2: Strikes out swinging
Top of the 8th over - 0 run(s), 0 hit(s), 0 error(s), 0 left on base; Northern Virginia 1 - Oakland 9
BOTTOM OF THE 8TH
Oakland Oaks batting - Pitching for Northern Virginia Retrievers : RHP Natalino Golaio
Batting: RHB Rafael Najcrea 0-0: Foul Ball, location: 2F
0-1: Ball
1-1: Ball
2-1: Ball
3-1: Reached on error, E6 (Groundball, 6)
Batting: RHB Dave Henderson 0-0: Called Strike
0-1: Fly out, F8 (Flyball, 8LM)
Batting: LHB Ron Frazier 0-0: Foul Ball, location: 2F
0-1: Foul Ball, location: 2F
0-2: Strikes out looking
Batting: LHB Edwin Church 0-0: Foul Ball, location: 2F
0-1: Ball
1-1: 2-RUN HOME RUN (Flyball, 89XD), Distance : 424 ft
Batting: SHB John Allen 0-0: Foul Ball, location: 2F
0-1: Foul Ball, location: 2F
0-2: Ball
1-2: Foul Ball, location: 2F
1-2: Ground out U3 (Groundball, 3S)
Bottom of the 8th over - 2 run(s), 1 hit(s), 1 error(s), 0 left on base; Northern Virginia 1 - Oakland 11
TOP OF THE 9TH
Northern Virginia Retrievers batting - Pitching for Oakland Oaks : RHP Kent Clement
Batting: RHB Bob Heller 0-0: Ball
1-0: Swinging Strike
1-1: Ball
2-1: Ground out 4-3 (Groundball, 4M)
Batting: LHB Bartolo Benítez 0-0: Called Strike
0-1: Foul Ball, location: 2F
0-2: Strikes out swinging
Batting: LHB Munemori Ohara 0-0: Ball
1-0: Fly out, F8 (Flyball, 8LD)
Top of the 9th over - 0 run(s), 0 hit(s), 0 error(s), 0 left on base; Northern Virginia 1 - Oakland 11
This league is powered by Out of the Park Baseball, the baseball management simulation game for PC, Mac and Linux
Friday, July 8th, 2016 - OOTP Baseball 16.9 Build 39